 Dungeon Crawl Stone Soup version 0.20.1-1-g8b1a95d (webtiles) character file.

58 Peloso the Covered (level 3, 0/33 HPs)
             Began as a Minotaur Fighter on July 4, 2017.
             Killed by divine providence
             ... invoked by an orc priest
              (14 damage)
             ... on level 2 of the Dungeon.
             The game lasted 00:01:52 (917 turns).

Peloso the Covered (Minotaur Fighter)                Turns: 917, Time: 00:01:53

Health: 0/33       AC:  7    Str: 20    XL:     3   Next: 76%
Magic:  2/2        EV:  7    Int:  5    God:
Gold:   85         SH:  9    Dex: 10    Spells: 2/2 levels left

rFire    . . .     SeeInvis .   a - +0 long sword
rCold    . . .     Gourm    .   c - +0 shield
rNeg     . . .     Faith    .   b - +0 scale mail
rPois    .         Spirit   .   (helmet restricted)
rElec    .         Reflect  .   (no cloak)
rCorr    .         Harm     .   (no gloves)
MR       .....                  (no boots)
Stlth    ..........             (no amulet)
Regen    0.2/turn               (no ring)
MPRegen  0.1/turn               (no ring)

@: no status effects
A: retaliatory headbutt, horns 2
a: no special abilities


You were on level 2 of the Dungeon.
You were not hungry.

You visited 1 branch of the dungeon, and saw 2 of its levels.

You collected 85 gold pieces.

Inventory:

Hand Weapons
 a - a +0 long sword (weapon)
Armour
 b - a +0 scale mail (worn)
 c - a +0 shield (worn)
Scrolls
 e - 2 scrolls of identify {unknown}
 g - a scroll of remove curse {unknown}
 h - a scroll of fear {unknown}
 j - a scroll of magic mapping {unknown}
 k - a scroll of enchant weapon {unknown}
 l - a scroll of teleportation {unknown}
 p - a scroll of blinking {unknown}
Potions
 d - 2 potions of might
 m - a potion of lignification {unknown}
 o - a potion of invisibility {unknown}
 q - a potion of mutation {unknown}
 s - a potion of curing {unknown}
Comestibles
 f - 5 bread rations
 i - 2 meat rations
 n - a royal jelly
 r - a chunk of flesh


   Skills:
 + Level 4.1 Fighting
 + Level 3.1 Long Blades
 + Level 4.3 Armour
 + Level 0.2 Dodging
 + Level 4.2 Shields


You had 2 spell levels left.
You didn't know any spells.

Dungeon Overview and Level Annotations

Branches:
Dungeon (2/15)

Altars:


Innate Abilities, Weirdness & Mutations

You reflexively headbutt those who attack you in melee.
You have a pair of horns on your head.


Message History

an enchanted short sword; a leather armour; 18 gold pieces; an orc corpse a hobgoblin corpse You hit the orc but do no damage.
The orc hits you but does no damage. x2
You hit the orc.
The orc is lightly wounded.
The orc closely misses you. You block the orc's attack. x2
You barely miss the orc. You headbutt the orc.
You kill the orc!
You block the orc's attack.
The orc priest invokes the aid of Beogh against you.
Beogh smites you!
You hit the orc.
The orc is almost dead.
The orc hits you but does no damage. x2
You hit the orc.
You kill the orc!
The orc hits you from afar with a trident of piercing.
The orc priest mumbles some strange prayers to Beogh against you.
Beogh smites you!
You die...

#....................##......#
..[..................##......#
.....................##......#
.....................##......#
.#...)..###..........##......#
.#......# ##.######'###......#
.#......# #... #.# #......#
.#......###########.# ##.#####
.............oo)@...# #.#
##.....(####..o###### #.###
#............. . #...#
##.......#.....
#.#####...######
####.....#..o..
#.........'..... .# #...o.
#.........###### .# #..o..
#..[....###....# .# #.....
#.......###.##.#
#...........#<.#


You could see an orc priest and 2 orcs.

Vanquished Creatures
  An adder (D:2)
  An ooze (D:1)
  3 dart slugs (D:1)
  2 leopard geckos (D:1)
  3 orcs (D:2)
  4 bats
  3 giant cockroaches (D:1)
  4 goblins (D:1)
  3 hobgoblins
  3 kobolds (D:1)
  3 frilled lizards
  3 rats
33 creatures vanquished.

Notes
Turn   | Place    | Note
-------+----------+-------------------------------------------
     0 | D:1      | Peloso the Minotaur Fighter began the quest for the Orb.
     0 | D:1      | Reached XP level 1. HP: 19/19 MP: 0/0
    87 | D:1      | Reached XP level 2. HP: 25/27 MP: 1/1
   337 | D:1      | Reached XP level 3. HP: 32/33 MP: 2/2
   917 | D:2      | Killed from afar by an orc priest

Skill      XL: |  1  2  3 |
---------------+----------+-----
Fighting       | 4 |  4.1
Armour         | 4 |  4.3
Shields        | 4 |  4.2
Long Blades    | 3 |  3.1
Dodging        | |  0.2

Action                   || total
-------------------------++-------
Melee: Long sword        ||    82
       Headbutt          ||     9
Armor: Scale mail        ||    36
Dodge: Dodged            ||    17
Block: Shield            ||    48
       Rpst.: Long sword ||     3
